 Dungeon Crawl Stone Soup version 0.31.0-32-g396128a36d (webtiles) character file.

Game seed: 386727716077140919

33454 jagang the Fighter (level 13, 0/113 HPs)
             Began as a Barachi Monk on Mar 8, 2024.
             Was the Champion of Okawaru.
             Killed from afar by a raiju (17 damage)
             ... with a living lightning
             ... on level 14 of the Dungeon on Mar 12, 2024.
             The game lasted 00:55:36 (15542 turns).

jagang the Fighter (Barachi Monk)                  Turns: 15542, Time: 00:56:06

Health: 0/113      AC: 23    Str: 13    XL:     13   Next: 71%
Magic:  13/13      EV:  7    Int: 12    God:    Okawaru [******]
Gold:   1086       SH: 15    Dex: 20    Spells: 12/12 levels left

rFire   . . .        G - +4 scimitar (flame)
rCold   . . .        n - +4 kite shield of Teabamno {rPois Dex+2 Slay+3}
rNeg    . . .        g - +0 shadow dragon scales
rPois   +            A - +1 helmet
rElec   .            b - scarf {+Inv}
rCorr   .            v - +0 pair of gloves
SInv    +            k - +0 pair of boots
Will    .....        C - amulet of the acrobat
Stlth   ++++         B - ring of see invisible
HPRegen 0.38/turn    H - +4 ring of slaying
MPRegen 0.13/turn

%: acrobat
@: unable to hop, slow
A: amphibious, slowness 1, strong legs 2, +LOS
a: Hop, Renounce Religion, Evoke Invisibility, Heroism, Finesse, Duel


You were on level 14 of the Dungeon.
You worshipped Okawaru.
Okawaru was exalted by your worship.
You visited 2 branches of the dungeon, and saw 16 of its levels.
You also visited: Sewer.

You collected 1334 gold pieces.
You spent 248 gold pieces at shops.

Inventory:

Hand Weapons
 j - a +2 quick blade of draining
 G - a +4 scimitar of flaming (weapon)
 P - a +1 hand cannon of draining
Missiles
 d - a silver javelin
 l - 2 datura-tipped darts
 m - 11 boomerangs (quivered)
 N - 8 curare-tipped darts
 S - a javelin
 X - 2 darts of dispersal
Armour
 b - a scarf of invisibility (worn)
 g - +0 shadow dragon scales (worn)
 k - a +0 pair of boots (worn)
 n - the +4 kite shield of Teabamno (worn) {rPois Dex+2 Slay+3}
   (Okawaru gifted it to you on level 13 of the Dungeon)

   Dex+2:     It affects your dexterity (+2).
   Slay+3:    It affects your accuracy & damage with ranged weapons and melee
   (+3).
   rPois:     It protects you from poison
 v - a +0 pair of gloves (worn)
 A - a +1 helmet (worn)
 U - a scarf of invisibility
Jewellery
 e - a ring of fire
 B - a ring of see invisible (left hand)
 C - an amulet of the acrobat (around neck)
 H - a +4 ring of slaying (right hand)
 T - a ring of ice
Talismans
 h - a storm talisman
Wands
 I - a wand of polymorph (21)
 K - a wand of roots (17)
 V - a wand of mindburst (19)
Scrolls
 a - 3 scrolls of poison
 f - 3 scrolls of teleportation
 r - 3 scrolls of fog
 s - 3 scrolls of blinking
 t - 6 scrolls of fear
 w - a scroll of torment
 x - 3 scrolls of summoning
 y - 2 scrolls of revelation
 D - 2 scrolls of silence
 F - a scroll of vulnerability
 Q - 2 scrolls of noise
Potions
 c - 4 potions of ambrosia
 i - 5 potions of curing
 o - 3 potions of haste
 p - 3 potions of heal wounds
 q - 2 potions of enlightenment
 u - a potion of attraction
 z - a potion of might {unknown}
 J - a potion of berserk rage {unknown}
 L - 2 potions of lignification {unknown}
 M - a potion of brilliance {unknown}
 O - a potion of mutation {unknown}
 R - a potion of invisibility {unknown}
 W - a potion of magic {unknown}
Miscellaneous
 Z - a phial of floods (inert)


   Skills:
 + Level 14.1 Fighting
 + Level 14.1 Long Blades
 * Level 2.9 Ranged Weapons
 * Level 3.9 Throwing
 + Level 13.6 Armour
 * Level 3.8 Dodging
 - Level 4.3 Stealth
 * Level 5.4 Shields
 + Level 8.2 Shapeshifting


You had 12 spell levels left.
You didn't know any spells.
Your spell library contained the following spells:

 Spells                   Type           Power      Damage    Failure   Level
 Apportation              Tloc           0%         N/A       100%        1
 Kiss of Death            Conj/Necr      0%         2d5       100%        1
 Slow                     Hex            0%         N/A       100%        1
 Cigotuvi's Dreadful Rot  Necr/Alch/Air  0%         N/A       100%        2
 Ensorcelled Hibernation  Hex/Ice        0%         N/A       100%        2
 Jinxbite                 Hex            0%         N/A       100%        2
 Sublimation of Blood     Necr           0%         N/A       100%        2
 Confusing Touch          Hex            0%         N/A       100%        3
 Dazzling Flash           Conj/Hex       0%         N/A       100%        3
 Fugue of the Fallen      Necr           0%         N/A       100%        3
 Hailstorm                Conj/Ice       0%         3d5       100%        3
 Sigil of Binding         Hex            0%         N/A       100%        3
 Vampiric Draining        Necr           0%         2d6       100%        3
 Volatile Blastmotes      Fire/Tloc      0%         2d10      100%        3
 Anguish                  Hex/Necr       0%         N/A       100%        4
 Dimensional Bullseye     Hex/Tloc       0%         N/A       100%        4
 Dispel Undead            Necr           0%         3d6       100%        4
 Fulminant Prism          Conj/Alch      0%         3d5       100%        4
 Ignite Poison            Fire/Alch      0%         N/A       100%        4
 Iskenderun's Mystic Bla  Conj/Tloc      0%         2d3       100%        4
 Alistair's Intoxication  Alch           0%         N/A       100%        5
 Borgnjor's Vile Clutch   Necr/Erth      0%         N/A       100%        5
 Freezing Cloud           Conj/Ice/Air   0%         6-21      100%        5
 Starburst                Conj/Fire      0%         6d3       100%        6
 Maxwell's Capacitive Co  Air            0%         ∞         100%        8
 Call Imp                 Summ           Unusable   N/A       N/A         2
 Call Canine Familiar     Summ           Unusable   N/A       N/A         3
 Summon Ice Beast         Ice/Summ       Unusable   N/A       N/A         3
 Animate Dead             Necr           Unusable   N/A       N/A         4
 Death Channel            Necr           Unusable   N/A       N/A         6
 Sculpt Simulacrum        Ice/Alch       Unusable   N/A       N/A         6
 Summon Hydra             Summ           Unusable   N/A       N/A         7

Dungeon Overview and Level Annotations

Branches:
Dungeon (15/15)            Temple (1/1) D:5            Lair (0/5) D:9
    Orc (0/2) D:11         Vaults (0/5) D:13          Sewer (visited)
 Depths: D:15

Altars:
Ashenzari
Cheibriados
Dithmenos
Elyvilon
Fedhas
Gozag
Hepliaklqana
Kikubaaqudgha
Makhleb
Nemelex Xobeh
Okawaru
Qazlal
Ru
Sif Muna
Trog
Uskayaw
Vehumet
Wu Jian
Xom
Yredelemnul
Zin
The Shining One

Shops:
D:14 [

Annotations:
D:10 4 runed translucent doors


Innate Abilities, Weirdness & Mutations

You are amphibious.
You cover ground slowly.
You can hop long distances.
You have an extended range of vision and can be seen from far away.


Message History

The deep elf zephyrmancer blinks!
You block the meliai simulacrum's attack.
The meliai simulacrum barely misses you.
There is a stone staircase leading up here.
You slice the meliai simulacrum!!
You melt the meliai simulacrum!
The meliai simulacrum vaporises!
Okawaru accepts your kill.
The yaktaur shoots a bolt.
The bolt hits you!! The bolt freezes you.
The raiju bursts into living lightning!
The living lightning hits the air elemental.
The air elemental completely resists.
The living lightning misses you.
The raiju blinks!
The raiju misses you.
The air elemental is engulfed in freezing vapours.
The air elemental fires a burst of electricity at you.
The stunning burst hits you.
You suddenly lose the ability to move!
The raiju bites you. The raiju shocks you!
The deep elf zephyrmancer points at you and mumbles some strange words.
The bolt of lightning hits you!!
* * * LOW HITPOINT WARNING * * *
The air elemental is engulfed in freezing vapours.
The air elemental barely misses you.
You hear a shout!
You hear an angry hiss.
You hear a shout!
You hear a bark!
You hear a horrible gurgling sound!
You can move again.
The air elemental is engulfed in freezing vapours.
You block the air elemental's attack.
The air elemental is engulfed in freezing vapours.
The air elemental hits you.
* * * LOW HITPOINT WARNING * * *
The raiju bites you but does no damage.
You climb upwards.
There is a stone staircase leading down here.
Hop to where?
Press: ? - help, Dir - move target Boing!
The raiju bursts into living lightning!
The living lightning hits the air elemental.
The air elemental completely resists.
The living lightning hits you!
You die...

#...####..#....#.#.....#
#.#.#.....#....#.#.....#
#...'.....#....#.#.....#
#...#.....#....#.#.....#
#.#.####..#....#.#.....#
#......#..#.○|.#.#.....#
#......#..#h...#.#.....#
#......#..#..E.#.####..#
#......####..#@#....#..#
#....#.####..#.#.####..#
#.#....#..'..#.#.#.....#
#.#.#+##..#..#.#.#.#...#
#.#.#.##..#..#.'.#.....#
#.#.#.##..#..#.#.#.....########
#...'.....#..#.###.............
#...#.##..#..#.[...............
#...#.##..#..#..#..............


You could see a raiju and an air elemental.

Vanquished Creatures
  Rupert (D:14)
  Jorgrun (D:14)
  Kirke (D:13)
  Snorg (D:13)
  Josephine (D:13)
  Erolcha (D:13)
  2 centaur warriors (D:14)
  Erica (D:9)
  7 two-headed ogres
  Sonja (D:13)
  Lodul (D:14)
  2 arcanists (D:13)
  A deep elf zephyrmancer (D:13)
  A deep elf pyromancer (D:14)
  A cyclops (D:11)
  2 manticores
  4 ugly things
  An elephant (D:9)
  A meliai (D:10)
  The ghost of middlethird the Magician, a novice VSCj of Kikubaaqudgha (D:8)
  4 gargoyles
  An unseen horror (D:9)
  A komodo dragon (D:10)
  A tengu conjurer (D:10)
  2 efreet (D:14)
  6 trolls
  3 hornets
  Grinder (D:4)
  9 slime creatures
  A spriggan (shapeshifter) (D:13)
  Sigmund (D:6)
  A vampire (D:10)
  A human (D:13)
  6 yaks
  6 wraiths
  3 wyverns
  3 shadows
  Eustachio (D:6)
  2 basilisks
  5 hogs (D:13)
  A steam dragon (D:6)
  Edmund (D:6)
  2 water moccasins
  An acid dragon (D:11)
  A sky beast (D:7)
  A meliai simulacrum (D:15)
  2 orc warriors
  4 black bears
  A black bear (shapeshifter) (D:13)
  A crocodile (Sewer)
  7 ogres (D:14)
  9 centaurs
  2 phantoms
  3 kobold brigands
  2 gnoll sergeants
  2 bullfrogs
  4 wights (D:8)
  8 killer bees
  7 howler monkeys
  A bombardier beetle (D:3)
  8 orc priests
  4 hounds
  A sleepcap (D:8)
  Natasha (thrice) (D:3)
  17 orc wizards
  Robin (D:4)
  9 gnolls
  7 adders
  A river rat (D:4)
  A white imp (D:7)
  4 dart slugs
  11 ribbon worms
  27 orcs
  3 ball pythons
  5 bats
  6 endoplasms
  2 giant cockroaches (D:2)
  12 goblins
  8 hobgoblins
  4 jackals (Sewer)
  23 kobolds
  4 quokkas
  4 frilled lizards
  5 rats
320 creatures vanquished.

Notes
Turn   | Place    | Note
-------+----------+-------------------------------------------
     0 | D:1      | jagang the Barachi Monk began the quest for the Orb.
     0 | D:1      | Reached XP level 1. HP: 18/18 MP: 1/1
   153 | D:1      | Reached XP level 2. HP: 20/25 MP: 2/2
   414 | D:1      | Reached skill level 1 in Armour
   727 | D:2      | Identified the +0 ring mail of Supple Strength {Rampage
                  | *Slow rN+}
   839 | D:2      | Reached XP level 3. HP: 29/30 MP: 3/3
  1132 | D:2      | Reached XP level 4. HP: 34/38 MP: 4/4
  1655 | D:3      | Reached skill level 1 in Shapeshifting
  1809 | D:3      | Noticed Natasha
  1819 | D:3      | Killed Natasha
  1873 | D:3      | Noticed Natasha
  1882 | D:3      | Killed Natasha
  1883 | D:3      | Reached XP level 5. HP: 18/43 MP: 5/5
  1990 | D:3      | Reached skill level 5 in Long Blades
  2143 | D:3      | Reached skill level 5 in Fighting
  2292 | D:3      | Noticed Natasha
  2298 | D:3      | Killed Natasha
  2323 | D:3      | Found a basalt altar of Yredelemnul.
  2408 | D:3      | Reached XP level 6. HP: 51/51 MP: 6/6
  2616 | D:3      | Found an ornate altar of the Wu Jian Council.
  2952 | D:4      | Found a glowing drain.
  2964 | Sewer    | Entered a sewer
  3357 | D:4      | Noticed Robin
  3369 | D:4      | Killed Robin
  3568 | D:4      | Reached XP level 7. HP: 55/57 MP: 7/7
  3776 | D:4      | Noticed Grinder
  3793 | D:4      | Paralysed by Grinder for 3 turns
  3800 | D:4      | Killed Grinder
  4028 | D:5      | Entered Level 5 of the Dungeon
  4057 | D:5      | Reached skill level 5 in Armour
  4093 | D:5      | Found a staircase to the Ecumenical Temple.
  4118 | Temple   | Entered the Ecumenical Temple
  4136 | Temple   | Became a worshipper of Warmaster Okawaru
  4136 | Temple   | Reached * piety under Okawaru
  4136 | Temple   | Reached ** piety under Okawaru
  4181 | D:5      | Reached XP level 8. HP: 63/65 MP: 8/8
  4203 | D:5      | Found a hide-covered altar of Uskayaw.
  4819 | D:5      | Found a hazy altar of Hepliaklqana.
  5505 | D:6      | Noticed Eustachio
  5534 | D:6      | Noticed Sigmund
  5547 | D:6      | Killed Sigmund
  5547 | D:6      | Reached *** piety under Okawaru
  5548 | D:6      | Reached XP level 9. HP: 37/74 MP: 6/9
  5583 | D:6      | Killed Eustachio
  5751 | D:6      | Noticed Edmund
  5762 | D:6      | Killed Edmund
  6079 | D:6      | Found a stormy altar of Qazlal.
  6447 | D:7      | Found a snail-covered altar of Cheibriados.
  7246 | D:8      | Reached **** piety under Okawaru
  7267 | D:8      | Reached skill level 5 in Shapeshifting
  7568 | D:8      | Reached XP level 10. HP: 83/83 MP: 10/10
  7901 | D:8      | Found a runed translucent door.
  7903 | D:8      | Noticed middlethird's ghost (novice VSCj)
  8018 | D:8      | Reached skill level 10 in Fighting
  8221 | D:8      | Killed middlethird's ghost
  8221 | D:8      | Reached ***** piety under Okawaru
  8222 | D:8      | Reached skill level 10 in Long Blades
  8232 | D:8      | Identified the +7 mace of the Sheltering Moth {heavy,
                  | ^Fragile rElec Dex+8}
  8279 | D:9      | Noticed Erica
  8295 | D:9      | Killed Erica
  8296 | D:9      | Reached skill level 1 in Throwing
  8349 | D:9      | Found a white marble altar of Elyvilon.
  8349 | D:9      | Found a glowing silver altar of Zin.
  8349 | D:9      | Found a glowing golden altar of the Shining One.
  8453 | D:9      | Noticed an unseen horror
  8471 | D:9      | Found a staircase to the Lair.
  8471 | D:9      | Noticed an elephant
  8472 | D:9      | Killed an unseen horror
  8547 | D:9      | Killed an elephant
  8547 | D:9      | Received a gift from Okawaru
  8548 | D:9      | Reached skill level 10 in Armour
  9018 | D:10     | Entered Level 10 of the Dungeon
  9025 | D:9      | Reached XP level 11. HP: 93/93 MP: 11/11
  9132 | D:10     | Found a shimmering altar of Xom.
  9132 | D:10     | Found an ancient bone altar of Kikubaaqudgha.
  9132 | D:10     | Found a sparkling altar of Nemelex Xobeh.
  9578 | D:10     | Found a large runed translucent door.
  9578 | D:10     | Found a large runed translucent door.
  9670 | D:10     | Found a sacrificial altar of Ru.
  9731 | D:10     | Found a large runed translucent door.
  9731 | D:10     | Found a large runed translucent door.
  9735 | D:10     | Noticed a deep elf pyromancer
  9735 | D:10     | Noticed a tengu warrior
  9756 | D:10     | Received a gift from Okawaru
 10056 | D:10     | Noticed a two-headed ogre
 10063 | D:10     | Killed a two-headed ogre
 10069 | D:10     | Reached skill level 1 in Shields
 10555 | D:11     | Noticed a cyclops
 10562 | D:11     | Killed a cyclops
 10570 | D:11     | You fall into a shaft and drop 2 floors!
 10596 | D:13     | Noticed Sonja
 10614 | D:13     | Killed Sonja
 10960 | D:13     | Noticed Josephine
 10966 | D:13     | Killed Josephine
 10966 | D:13     | Received a gift from Okawaru
 10976 | D:13     | Reached XP level 12. HP: 99/103 MP: 12/12
 11008 | D:13     | Noticed Snorg
 11027 | D:13     | Killed Snorg
 11261 | D:13     | Reached skill level 1 in Stealth
 11338 | D:13     | Noticed a two-headed ogre
 11340 | D:13     | Noticed a two-headed ogre
 11352 | D:13     | Killed a two-headed ogre
 11352 | D:13     | Reached ****** piety under Okawaru
 11355 | D:13     | Killed a two-headed ogre
 11355 | D:13     | Received a gift from Okawaru
 11359 | D:13     | Acquired the +4 kite shield of Teabamno {rPois Dex+2
                  | Slay+3}
 11359 | D:13     | Received a gift from Okawaru
 11373 | D:13     | Acquired a +2 quick blade of draining
 11373 | D:13     | Received a gift from Okawaru
 11435 | D:13     | Noticed Erolcha
 11440 | D:13     | Killed Erolcha
 11573 | D:13     | Found a blossoming altar of Fedhas.
 11649 | D:13     | Noticed a two-headed ogre
 11654 | D:13     | Killed a two-headed ogre
 11659 | D:13     | Noticed a two-headed ogre
 11665 | D:13     | Killed a two-headed ogre
 11669 | D:13     | Noticed a two-headed ogre
 11675 | D:13     | HP: 2/105 [arcanist/bolt of cold (37)]
 11690 | D:13     | Killed a two-headed ogre
 11968 | D:13     | Found a gate to the Vaults.
 12146 | D:13     | Noticed Kirke
 12238 | D:13     | Killed Kirke
 12238 | D:13     | Received a gift from Okawaru
 12239 | D:13     | Gained mutation: You can hop long distances. [Barachi
                  | growth]
 12239 | D:13     | Reached XP level 13. HP: 106/111 MP: 13/13
 12755 | D:12     | Reached skill level 1 in Ranged Weapons
 12778 | D:12     | Found a white marble altar of Elyvilon.
 13415 | D:11     | Found a staircase to the Orcish Mines.
 14004 | D:14     | Received a gift from Okawaru
 14312 | D:14     | Noticed Rupert
 14334 | D:14     | Killed Rupert
 14335 | D:14     | Reached skill level 5 in Shields
 14656 | D:14     | Noticed Jorgrun
 14674 | D:14     | Killed Jorgrun
 14676 | D:14     | Found an opulent altar of Gozag.
 14779 | D:14     | Noticed Lodul
 14787 | D:14     | Received a gift from Okawaru
 14805 | D:14     | Killed Lodul
 15131 | D:14     | Found Erreucs's Antique Armour Shoppe.
 15209 | D:14     | Bought an embroidered scarf for 248 gold pieces
 15525 | D:15     | Entered Level 15 of the Dungeon
 15539 | D:15     | Paralysed by an air elemental for 1 turns
 15542 | D:14     | Killed from afar by a raiju

Illustrated notes

Levels and vault maps discovered:
D:1:      amcnicky_arrival_choice, layout_basic, serial_corexii_hall,
          corexii_hall_statues_deadend, corexii_hall_statues_x, fountainhead
D:2:      layout_basic, minmay_misc_feat_room, minmay_vboxes
D:3:      layout_basic, nzn_wu_jian_council_hall, amcnicky_altar_gilded,
          nrook_mini_backslash, grunt_ministairs_3, st_stairs_2, uniq_natasha
D:4:      layout_gridville, lightli_sewer_entry_pipes, uniq_robin, uniq_grinder
D:5:      layout_basic, nicolae_hepliaklqana_hippocampus,
          nicolae_overflow_hidden_temple, minmay_temple_entry_glass
D:6:      layout_basic, nicolae_qazlal_general_emergency,
          kennysheep_windowed_goal, uniq_edmund, uniq_sigmund, uniq_eustachio
D:7:      layout_loops_cross, mainiacjoe_overflow_cross_hatched
D:8:      layout_basic, ebering_ghost_inner_flame
D:9:      layout_long_grid, good_gods_mini_temple, david_lair_generic,
          hive_lemuel, uniq_erica
D:10:     layout_rooms, grunt_temple_overflow_open,
          minmay_hollow_rounded_squares
D:11:     layout_roguey, orc_0_dummy, dreamdust_princess_corridor
D:12:     layout_basic, elyvilon_altar_4
D:13:     layout_roguey, david_vaults_1, fedhas_altar_4, uniq_sonja, uniq_snorg,
          uniq_josephine, uniq_kirke, uniq_erolcha
D:14:     layout_stronghold, grunt_gozag_breadcrumbs, gauntlet_entry_generic,
          serial_shops, shop_coins, uniq_lodul, uniq_rupert, uniq_jorgrun
D:15:     hangedman_crystal_crosses_colossus [crystal_crosses_arms_two,
          crystal_crosses_arms_two, crystal_crosses_arms_one]
Temple:   compressed_dpeg_triangle_lava_temple

Skill      XL: |  1  2  3  4  5  6  7  8  9 10 11 12 13 |
---------------+----------------------------------------+-----
Long Blades    | 4 5 6 8 9 10 12 13 14 | 14.1
Armour         | 1 2 3 4 5 7 8 10 11 12 13 | 13.6
Fighting       | 4 5 6 8 9 11 12 13 14 | 14.1
Shapeshifting  | 1 2 3 4 5 6 7 8 |  8.2
Throwing       | 2 3 |  3.9
Shields        | 2 4 5 |  5.4
Stealth        | 4 |  4.3
Ranged Weapons | 2 |  2.9
Dodging        | |  3.8

Action                     |  1- 3 |  4- 6 |  7- 9 | 10-12 | 13-15 || total
---------------------------+-------+-------+-------+-------+-------++-------
  Melee: Falchion          |    69 |   208 |    30 |       |       ||   307
         Long sword        |       |       |   254 |       |       ||   254
         Scimitar          |       |       |     6 |   313 |   141 ||   460
         Quick blade       |       |       |       |    27 |    22 ||    49
  Throw: Boomerang         |       |    23 |    16 |    39 |    39 ||   117
         Dart              |       |       |     2 |    16 |     9 ||    27
         Throwing net      |       |       |       |     1 |     1 ||     2
         Javelin           |       |       |       |       |     2 ||     2
 Invoke: Heroism           |       |       |     2 |     3 |     1 ||     6
         Receive Weapon    |       |       |       |     1 |       ||     1
         Receive Armour    |       |       |       |     1 |       ||     1
Ability: Hop               |       |     1 |     1 |     6 |     3 ||    11
  Evoke: Wand              |       |       |       |     2 |     2 ||     4
         Phial of floods   |       |       |       |       |     1 ||     1
    Use: Scroll            |       |       |     7 |    10 |     8 ||    25
         Potion            |       |       |     2 |     1 |       ||     3
   Stab: Sleeping          |       |       |       |     5 |       ||     5
 Armour: Robe              |    10 |       |       |       |       ||    10
         Ring mail         |    35 |    13 |       |       |       ||    48
         Chain mail        |       |    44 |       |       |       ||    44
         Scale mail        |       |    89 |   246 |   132 |       ||   467
         Shadow dragon sca |       |       |       |   124 |    92 ||   216
  Dodge: Dodged            |    54 |   109 |   186 |   161 |    56 ||   566
  Block: Buckler           |       |       |       |    22 |       ||    22
         Kite shield       |       |       |       |    44 |   114 ||   158
